 Dungeon Crawl Stone Soup version 0.31-a0-216-g22e908daa7 (webtiles) character file.

Game seed: 9816350747592614851

628 qw the Chopper (level 7, -3/44 HPs)
             Began as a Gargoyle Fighter on July 1, 2023.
             Slain by an iguana (10 damage)
             ... on level 5 of the Dungeon.
             The game lasted 00:01:37 (3455 turns).

qw the Chopper (Gargoyle Fighter)                   Turns: 3455, Time: 00:01:38

Health: -3/44      AC: 13    Str: 21    XL:     7   Next: 48%
Magic:  7/7        EV:  8    Int:  9    God:
Gold:   270        SH:  4    Dex:  9    Spells: 6/6 levels left

rFire   . . .        Y - +1 broad axe (freeze)
rCold   . . .        c - +0 buckler
rNeg    + . .        f - +0 chain mail
rPois   inf          (no helmet)
rElec   +            (no cloak)
rCorr   .            (no gloves)
SInv    .            (no boots)
Will    .....        (no amulet) Stlth
                     (no ring)
HPRegen 0.27/turn    (no ring)
MPRegen 0.10/turn

%: no passive effects
@: about to teleport
A: sickness immunity, AC +4, negative energy resistance 1, electricity
resistance, torment resistance 1, petrification resistance
a: no special abilities


You were on level 5 of the Dungeon.
You visited 2 branches of the dungeon, and saw 6 of its levels.

You collected 270 gold pieces.


Innate Abilities, Weirdness & Mutations

You are immune to sickness and miasma.
Your stone body is resilient. (AC +4)
You are immune to poison.
You resist negative energy. (rN+)
You are resistant to electric shocks. (rElec)
You are resistant to unholy torment.
You are immune to petrification.


   Skills:
 - Level 4.9 Fighting
 + Level 6.2 Axes
 - Level 3.2 Armour
 - Level 2.0 Dodging
 - Level 3.2 Shields


You had 6 spell levels left.
You didn't know any spells.
Your spell library was empty.

Inventory:

Hand Weapons
 n - a +2 whip of electrocution
 Y - a +1 broad axe of freezing (weapon)
Armour
 b - a +0 pair of boots
 c - a +0 buckler (worn)
 f - a +0 chain mail (worn)
 j - a +0 cloak
 m - a +0 helmet
Jewellery
 k - an amulet of the acrobat
Scrolls
 a - 2 scrolls of teleportation
 l - a scroll of identify
Potions
 d - a potion of might
 e - 3 potions of curing
 g - a potion of lignification
 h - a potion of brilliance {unknown}
 i - 2 potions of heal wounds

Dungeon Overview and Level Annotations

Branches:
Dungeon (5/15)             Temple (1/1) D:5

Altars:
Ashenzari
Dithmenos
Fedhas
Hepliaklqana
Makhleb
Nemelex Xobeh
Qazlal
Sif Muna
Trog
Uskayaw
Vehumet
Wu Jian
Xom
The Shining One


Message History

The gnoll is moderately wounded.
You miss the adder. The adder closely misses you.
The gnoll hits you but does no damage. The gnoll barely misses you.
The gnoll hits you but does no damage. x2
The adder bites you but does no damage. The gnoll hits you but does no damage.
The orc closely misses you.
You slash the gnoll! You freeze the gnoll.
You kill the gnoll!
You slash the adder!
The adder seems to slow down.
You freeze the adder.
You kill the adder!
You block the gnoll's attack.
The gnoll hits you from afar with a +0 spear.
The gnoll closely misses you. x2; The orc barely misses you.
The gnoll hits you from afar with a +0 spear.
The gnoll closely misses you.
You hit the iguana.
The iguana seems to slow down.
You freeze the iguana.
The iguana is heavily wounded.
Your attacks no longer feel as feeble.
The gnoll hits you from afar with a +0 spear.
The gnoll hits you but does no damage. The orc hits you but does no damage.
The iguana bites you but does no damage.
The gnoll barely misses you. The gnoll hits you but does no damage.
The gnoll closely misses you. You block the gnoll's attack.
The orc barely misses you.
You barely miss the iguana.
The iguana is heavily wounded.
The gnoll is no longer moving quickly. x2
The iguana is no longer moving slowly.
The gnoll hits you from afar with a +0 spear.
The gnoll barely misses you.
The gnoll hits you but does no damage. x2
The orc barely misses you. The iguana bites you.
3455 ||| READING 3 scrolls of teleportation.
As you read the scroll of teleportation, it crumbles to dust.
You feel strangely unstable. The gnoll misses you.
The gnoll hits you from afar with a +0 spear.
The gnoll hits you but does no damage.
The gnoll hits you from afar with a +0 spear.
The iguana bites you!
You die...

......................#
...........#.#.#...##..#
.........#.......#.....#
.......#...#.>.#...#(..#
.........#..(....#.....#
...........#.#.#....#..#
......l...........#....#
.....ol)....#.#...###..#
.....g.@........#####..#
.....g))[....#.<.......#
.....gg........#...#####
........................
...............#########
...........>....
..)............#
#######.#######


You could see 2 iguanas, 4 gnolls and an orc.

Vanquished Creatures
  Eustachio (D:4)
  An ice beast (D:4)
  A centaur (D:5)
  An ogre (D:4)
  A howler monkey (D:5)
  A gnoll bouda (D:5)
  Terence (D:3)
  Robin (D:4)
  A gnoll (D:5)
  3 adders
  6 dart slugs
  2 worms (D:2)
  An orc (D:3)
  4 bats
  8 endoplasms
  3 giant cockroaches
  16 goblins
  7 hobgoblins
  A quokka (D:1)
  8 ball pythons
  3 frilled lizards (D:1)
  7 kobolds
  5 rats
83 creatures vanquished.

Notes
Turn   | Place    | Note
-------+----------+-------------------------------------------
     0 | D:1      | qw the Gargoyle Fighter began the quest for the Orb.
     0 | D:1      | Reached XP level 1. HP: 14/14 MP: 1/1
     0 | D:1      | 0 ||| qw: Version: 0.3-a-35-g05ef00e
     0 | D:1      | 0 ||| qw: Game counter: 7750
     0 | D:1      | 0 ||| qw: Melee chars always use a shield: true
     0 | D:1      | 0 ||| qw: God list: Okawaru
     0 | D:1      | 0 ||| qw: Allow faded altars: false
     0 | D:1      | 0 ||| qw: Do Orc after clearing Dungeon:15 true
     0 | D:1      | 0 ||| qw: Do second Lair branch before Depths: true
     0 | D:1      | 0 ||| qw: Lair rune preference: random
     0 | D:1      | 0 ||| qw: Goals: Normal, Zot:1-4, Slime:5, God:TSO, Crypt,
                  | Tomb, Abyss, Pan, Hells, Win
     0 | D:1      | 0 ||| PLANNING D:1-11
     2 | D:1      | 2 ||| Stepping ~*~*~tactically~*~*~ (hiding).
    29 | D:1      | Reached skill level 2 in Axes
   111 | D:1      | Reached XP level 2. HP: 19/19 MP: 2/2
   503 | D:1      | Reached skill level 3 in Axes
   574 | D:1      | Reached XP level 3. HP: 23/23 MP: 3/3
   644 | D:1      | 644 ||| READING 3 scrolls labelled PEOHASM WUORY.
   648 | D:1      | 648 ||| READING 2 scrolls labelled OSHARPH PITIONG.
   649 | D:1      | 649 ||| READING scroll of enchant weapon.
   649 | D:1      | 649 ||| ENCHANTING +1 war axe.
   650 | D:1      | 650 ||| READING scroll labelled KOXUCADWEW.
   651 | D:1      | 651 ||| DRINKING 2 fizzy grey potions.
   978 | D:2      | 978 ||| Stepping ~*~*~tactically~*~*~ (hiding).
   994 | D:2      | 994 ||| Stepping ~*~*~tactically~*~*~ (stealth).
  1000 | D:2      | 1000 ||| Stepping ~*~*~tactically~*~*~ (stealth).
  1001 | D:2      | 1001 ||| Stepping ~*~*~tactically~*~*~ (stealth).
  1026 | D:2      | 1026 ||| Stepping ~*~*~tactically~*~*~ (hiding).
  1154 | D:2      | 1154 ||| FLEEEEING.
  1161 | D:2      | 1161 ||| FLEEEEING.
  1162 | D:2      | 1162 ||| FLEEEEING.
  1171 | D:2      | 1171 ||| Stepping ~*~*~tactically~*~*~ (hiding).
  1172 | D:2      | 1172 ||| Stepping ~*~*~tactically~*~*~ (hiding).
  1381 | D:2      | 1381 ||| Stepping ~*~*~tactically~*~*~ (hiding).
  1737 | D:2      | 1737 ||| READING scroll labelled OTUCUKURAX.
  1737 | D:2      | Identified a scroll of acquirement
  1737 | D:2      | 1737 ||| ACQUIRING +1 broad axe of freezing
  1737 | D:2      | Acquired a +1 broad axe of freezing
  1739 | D:2      | 1739 ||| SWAPPING to +1 broad axe of freezing.
  1740 | D:2      | 1740 ||| DROPPING +2 war axe.
  1863 | D:3      | Reached XP level 4. HP: 28/28 MP: 4/4
  1978 | D:3      | 1978 ||| DROPPING +0 whip.
  1999 | D:3      | Noticed Terence
  2013 | D:3      | Killed Terence
  2014 | D:3      | Reached skill level 4 in Axes
  2160 | D:3      | 2160 ||| Stepping ~*~*~tactically~*~*~ (stealth).
  2226 | D:3      | 2226 ||| Stepping ~*~*~tactically~*~*~ (hiding).
  2227 | D:3      | 2227 ||| Stepping ~*~*~tactically~*~*~ (hiding).
  2503 | D:3      | Reached XP level 5. HP: 32/32 MP: 5/5
  2635 | D:3      | 2635 ||| UPGRADING to +0 chain mail.
  2645 | D:3      | 2645 ||| DROPPING +0 scale mail.
  2646 | D:3      | 2646 ||| READING scroll labelled QUDONK WORGHONU.
  2647 | D:3      | 2647 ||| READING scroll labelled FOFIOR MYVU.
  2742 | D:4      | 2742 ||| Stepping ~*~*~tactically~*~*~ (hiding).
  2861 | D:4      | Noticed an ogre
  2869 | D:4      | Killed an ogre
  2870 | D:4      | Reached skill level 5 in Axes
  3014 | D:4      | Found an ornate altar of the Wu Jian Council.
  3014 | D:4      | Found a bloodstained altar of Trog.
  3027 | D:4      | Noticed Eustachio
  3038 | D:4      | Killed Eustachio
  3039 | D:4      | Reached XP level 6. HP: 40/40 MP: 6/6
  3071 | D:4      | 3071 ||| Stepping ~*~*~tactically~*~*~ (hiding).
  3074 | D:4      | 3074 ||| Stepping ~*~*~tactically~*~*~ (hiding).
  3076 | D:4      | Noticed Robin
  3081 | D:4      | Killed Robin
  3257 | D:4      | Noticed an ice beast
  3268 | D:4      | Killed an ice beast
  3269 | D:4      | Reached skill level 6 in Axes
  3269 | D:4      | Reached XP level 7. HP: 44/44 MP: 7/7
  3359 | D:4      | 3359 ||| DRINKING 4 white potions.
  3360 | D:4      | 3360 ||| READING 2 scrolls of identify.
  3360 | D:4      | 3360 ||| IDENTIFYING fizzy emerald potion
  3387 | D:5      | Entered Level 5 of the Dungeon
  3422 | D:5      | Found a staircase to the Ecumenical Temple.
  3423 | D:5      | 3423 ||| PLANNING TEMPLE
  3431 | Temple   | Entered the Ecumenical Temple
  3432 | Temple   | 3432 ||| PLANNING D:1-11
  3454 | D:5      | HP: 11/44 [iguana (5)]
  3455 | D:5      | 3455 ||| READING 3 scrolls of teleportation.
  3455 | D:5      | Slain by an iguana

Levels and vault maps discovered:
D:1:      minmay_arrival_arboretum_small, layout_basic, amethyst_killhole
D:2:      layout_basic, chequers_serial_rivers_room_a, corner_web_ring
D:3:      layout_basic, nicolae_concentric_dashed_squares_wild, uniq_terence
D:4:      layout_basic, nicolae_overflow_two_pavilions, feat_on_display,
          uniq_eustachio, uniq_robin
D:5:      layout_basic, minmay_temple_entry_sparse_star, serial_shops,
          nicolae_shop_tiny_statue_garden, kennysheep_generic_room_3
Temple:   nicolae_temple_no_exploring_needed

Skill      XL: |  1  2  3  4  5  6  7 |
---------------+----------------------+-----
Axes           | 2 3 4 5 6 |  6.2
Fighting       | 4 |  4.9
Dodging        | 2 |  2.0
Armour         | |  3.2
Shields        | |  3.2

Action                     |  1- 3 |  4- 6 |  7- 9 || total
---------------------------+-------+-------+-------++-------
  Melee: War axe           |   107 |       |       ||   107
         Broad axe         |     6 |    81 |    16 ||   103
    Use: Scroll            |     5 |     2 |     2 ||     9
         Potion            |     1 |       |     1 ||     2
 Armour: Scale mail        |    46 |    27 |       ||    73
         Chain mail        |       |    43 |    35 ||    78
  Dodge: Dodged            |    44 |    35 |    37 ||   116
  Block: Buckler           |    13 |    16 |     6 ||    35

Table legend:
 A = Non-vault XP
 B = Vault XP
 C = Vault XP percentage of total XP
 D = Non-vault monster count
 E = Vault monster count
 F = Vault count percentage of total count
                 A         B        C        D         E       F
            +---------+---------+-------+---------+---------+-------
      Total |     632 |     266 |  29.6 |      70 |      13 |  15.7
            +---------+---------+-------+---------+---------+-------
        D:1 |      34 |       0 |   0.0 |      22 |       0 |   0.0
        D:2 |      42 |       0 |   0.0 |      16 |       0 |   0.0
        D:3 |      60 |      36 |  37.5 |      18 |       1 |   5.3
        D:4 |     260 |     230 |  46.9 |       9 |      12 |  57.1
        D:5 |     236 |       0 |   0.0 |       5 |       0 |   0.0
            +---------+---------+-------+---------+---------+-------
